 Dungeon Crawl Stone Soup version 0.17-a0-1769-g54adf96 (webtiles) character file.

17141 4thArraOfDagon the Cleaver (level 12, -3/114 HPs)
             Began as a Deep Dwarf Berserker on Sept 7, 2015.
             Was an Elder of Trog.
             Killed from afar by a deep elf knight (26 damage)
             ... with a stone arrow
             ... on level 3 of the Elven Halls.
             The game lasted 00:30:33 (4446 turns).

4thArraOfDagon the Cleaver (Deep Dwarf Berserker)   Turns: 4446, Time: 00:30:34

Health: -3/114     AC: 24    Str: 25    XL:     12   Next: 16%
Magic:  15/18      EV:  8    Int: 11    God:    Trog [****..]
Gold:   396        SH:  0    Dex: 12    Spells: 0 memorised, 11 levels left

rFire  + . .     SeeInvis .     m - +0 battleaxe
rCold  . . .     Clarity  .     M - +0 plate armour
rNeg   . . .     SustAt   .     (no shield)
rPois  +         Gourm    .     u - +0 helmet
rElec  .         Spirit   .     a - +2 cloak {+Inv}
rCorr  .         Warding  .     v - +0 pair of gloves
rMut   .         Stasis   .     w - +0 pair of boots "Udoekyri" {rPois rF+} (curse)
MR     ++...                    P - amulet of faith
Stlth  ..........               (no ring)
                                (no ring)

@: non-regenerating, very resistant to hostile enchantments, extremely
unstealthy
A: damage resistance, recharge devices, rugged brown scales 1, clever 1, magic
resistance 1, sense surroundings 2, slow healing 3, wild magic 2, MP-powered
wands
a: Device Recharging, Burn Spellbooks, Berserk, Trog's Hand, Brothers in Arms,
Renounce Religion, Evoke Invisibility


You were on level 3 of the Elven Halls.
You worshipped Trog.
Trog was greatly pleased with you.
You were not hungry.

You visited 3 branches of the dungeon, and saw 16 of its levels.
You also visited: Sewer and Ossuary.

You collected 1296 gold pieces.
You spent 900 gold pieces at shops.

Inventory:

Hand weapons
 l - a +0 war axe
 m - a +0 battleaxe (weapon)
 q - a +0 blowgun
 C - the cursed +1 great sword of Linearity {venom, Str+3 Int+5}
   (You found it in an ossuary)

   It poisons the flesh of those it strikes.
   It affects your strength (+3).
   It affects your intelligence (+5).
   It has a curse placed upon it.
 F - a +0 bardiche
 I - a +1 hand axe of flaming
 L - a +0 blowgun
Missiles
 r - 6 poisoned needles
 N - 4 curare-tipped needles
Armour
 a - a +2 cloak of invisibility (worn)
 u - a +0 helmet (worn)
 v - a +0 pair of gloves (worn)
 w - the cursed +0 pair of boots "Udoekyri" (worn) {rPois rF+}
   (You bought it in a shop on level 4 of the Orcish Mines)

   It protects you from fire.
   It protects you from poison.
   It has a curse placed upon it.
 M - a +0 plate armour (worn)
Jewellery
 y - an uncursed amulet of stasis
 P - an amulet of faith (around neck)
Magical devices
 c - a wand of heal wounds (5)
 j - a wand of fireball (12)
 n - a wand of draining (8)
 B - a wand of lightning (12)
 D - a wand of polymorph (3)
 G - a wand of fire (7)
 H - a wand of lightning (3)
 W - a wand of fire (2)
Scrolls
 e - 2 scrolls of identify
 g - 2 scrolls of remove curse
 h - a scroll of noise {unknown}
 i - 4 scrolls of enchant armour
 k - a scroll of amnesia {unknown}
 t - a scroll of fear
 x - a scroll of immolation
 A - 2 scrolls of teleportation
 S - 2 scrolls of fog {unknown}
 T - a scroll of acquirement {unknown}
 U - a scroll of vulnerability {unknown}
 V - a scroll of summoning {unknown}
Potions
 b - 4 potions of flight
 o - a potion of might
 p - a potion of curing
 s - a potion of brilliance
 J - 2 potions of berserk rage
 K - a potion of cure mutation
 O - a potion of magic
 Q - a potion of haste
 R - 2 potions of invisibility {unknown}
Comestibles
 d - 3 bread rations
 f - 2 meat rations
 z - 10 chunks of flesh
 E - a beef jerky


   Skills:
 - Level 8.3 Fighting
 * Level 14.9 Axes
 + Level 11.0 Armour
 - Level 2.1 Dodging
 - Level 8.1 Evocations


You had 11 spell levels left.
You didn't know any spells.

Dungeon Overview and Level Annotations

Branches:
Dungeon (10/15)               Orc (4/4) D:9             Elf (3/3) Orc:4
 Temple: D:4-7         Lair: D:8-11

Altars:
Fedhas
Xom

Shops:
D:8 (   Orc:1 *   Orc:4 ***[


Innate Abilities, Weirdness & Mutations

You are resistant to damage.
You can recharge devices by infusing magical energy.
You passively map the area around you.
You do not heal naturally.
You are partially covered in rugged brown scales (AC +1, +3% HP).
Your mind is acute. (Int +2)
You are resistant to hostile enchantments.
Your spells are harder to cast, but more powerful.
You expend magic power (3 MP) to strengthen your wands.


Message History

Found a wand of fire.
You see here a ring mail.
Your skin stops crawling.
You feel less resistant to hostile enchantments.
Found a bread ration.
Found 13 gold pieces.
Found a scroll of identify.
You now have 383 gold pieces (gained 14).
W - a wand of fire You now have 396 gold pieces (gained 13).
You open the large door.
A deep elf knight comes into view.
The deep elf knight shouts!
The deep elf knight points at you and mumbles some strange words.
The stone arrow hits you!
* * * LOW HITPOINT WARNING * * *
Unknown command.
The deep elf knight casts a spell at you.
The stone arrow hits you!
You die...

,,
#..............##'##... ,
* ##............##...##..
, #..........[.##8...8##
, #............#..)....#
* '
####............#.<)8...#
, ,,
#..'............#.))....#
,
...#............##8...8##
, , ##........%...##...##
####'@##......#####,* ,*
#..##....... * , , #....
...?.#.,, , , ...e..+ ..
* , , ,,+.....## *,,,
,####..#* ** , * * ,
#..#* +, * ,,, *#++# , ,
, , , * , ,


You could see a deep elf knight.

Vanquished Creatures
  A stone giant (Orc:4)
  An orc high priest (Orc:4)
  2 deep elf knights (Elf:3)
  A deep elf summoner (Elf:3)
  Pikel (D:7)
  An orc knight (Orc:4)
  An orc sorcerer (Orc:2)
  Maurice (Orc:1)
  A gargoyle (D:10)
  3 trolls
  Grinder (D:6)
  2 deep elf magi
  5 wargs
  2 deep elf fighters (Elf:3)
  3 sky beasts
  32 orc warriors
  11 ogres
  10 centaurs
  An ice beast (D:6)
  2 slaves (D:7)
  A big kobold (Sewer)
  5 water moccasin zombies (Ossuary)
  2 giant frogs (D:7)
  2 killer bees
  2 giant frog zombies (D:7)
  2 jellies
  Crazy Yiuf (D:7)
  A hound (D:8)
  13 orc priests
  17 orc wizards
  An iguana (D:7)
  A centaur skeleton (D:7)
  A giant frog skeleton (D:6)
  2 worker ants (D:9)
  2 big kobold zombies (Ossuary)
  2 mummies (Ossuary)
  2 worker ant zombies (D:7)
  3 adders
  4 river rats (Sewer)
  A shadow imp (D:10)
  2 oozes
  6 adder zombies (Ossuary)
  A giant gecko (D:3)
  134 orcs
  6 ball pythons
  2 gnoll zombies (Ossuary)
  2 goblins
  2 hobgoblins
  17 kobolds
  A quokka (D:7)
  6 bats
  7 giant cockroaches
  A giant newt (Sewer)
  7 hobgoblin zombies (Ossuary)
  5 kobold zombies (Ossuary)
  3 orc zombies (Ossuary)
  27 rats
  2 fungi (D:7)
378 creatures vanquished.

Vanquished Creatures (collateral kills)
  Rupert (Orc:3)
  Snorg (Orc:4)
  Sonja (Orc:2)
  Nergalle (Orc:2)
  An anubis guard (Orc:4)
  A troll (Orc:4)
  An ogre (Orc:4)
  An orc wizard (Orc:2)
  2 orc priests (Orc:2)
  2 orcs
12 creatures vanquished.

Vanquished Creatures (others)
  A centaur (Orc:4)
  A worker ant (D:7)
  An orc (D:7)
  A fungus (D:7)
4 creatures vanquished.

Grand Total: 394 creatures vanquished

Notes
Turn   | Place    | Note
--------------------------------------------------------------
     0 | D:1      | 4thArraOfDagon the Deep Dwarf Berserker began the quest for the Orb.
     0 | D:1      | Reached XP level 1. HP: 20/20 MP: 1/1
    82 | D:1      | Found a shimmering altar of Xom.
   187 | D:1      | Reached XP level 2. HP: 12/27 MP: 2/2
   322 | D:2      | Reached skill level 4 in Axes
   340 | D:2      | Acquired Trog's second power
   357 | D:2      | Reached XP level 3. HP: 12/33 MP: 3/3
   498 | D:3      | Found a glowing drain.
   538 | Sewer    | Entered a sewer
   639 | Sewer    | Reached XP level 4. HP: 42/42 MP: 4/4
   659 | Sewer    | Noticed a big kobold
   667 | Sewer    | Killed a big kobold
   667 | Sewer    | Reached skill level 5 in Axes
   667 | Sewer    | Reached XP level 5. HP: 39/49 MP: 5/5
   948 | D:3      | You fall through a shaft!
  1027 | D:6      | :(
  1048 | D:6      | Noticed an ice beast
  1052 | D:6      | Killed an ice beast
  1052 | D:6      | Reached XP level 6. HP: 41/57 MP: 6/6
  1057 | D:6      | Noticed an ogre
  1058 | D:6      | :(
  1136 | D:6      | Noticed a sky beast
  1151 | D:6      | Killed an ogre
  1151 | D:6      | Reached skill level 6 in Axes
  1160 | D:6      | Killed a sky beast
  1160 | D:6      | Reached XP level 7. HP: 66/66 MP: 7/7
  1164 | D:6      | Gained mutation: Your spells are a little harder to cast, but a little more powerful. [mutagenic meat]
  1165 | D:6      | Gained mutation: You expend magic power (3 MP) to strengthen your wands. [mutagenic meat]
  1166 | D:6      | Gained mutation: You are resistant to hostile enchantments. [mutagenic meat]
  1167 | D:6      | Gained mutation: You are partially covered in rugged brown scales (AC +1, +3% HP). [mutagenic meat]
  1168 | D:6      | Gained mutation: Your mind is acute. (Int +2) [mutagenic meat]
  1210 | D:5      | Entered Level 5 of the Dungeon
  1232 | D:6      | Noticed Grinder
  1239 | D:6      | Killed Grinder
  1239 | D:6      | Reached skill level 7 in Axes
  1302 | D:7      | Reached skill level 1 in Evocations
  1362 | D:7      | Noticed Pikel
  1374 | D:7      | Killed Pikel
  1374 | D:7      | Reached skill level 5 in Fighting
  1374 | D:7      | Reached skill level 8 in Axes
  1374 | D:7      | Reached skill level 5 in Armour
  1374 | D:7      | Reached XP level 8. HP: 59/76 MP: 7/10
  1460 | D:7      | Acquired Trog's third power
  1470 | D:7      | Gained mutation: Your spells are harder to cast, but more powerful. [mutagenic meat]
  1551 | D:7      | Noticed Crazy Yiuf
  1558 | D:7      | Killed Crazy Yiuf
  1681 | D:8      | Reached skill level 9 in Axes
  1720 | D:8      | Found a sand-covered staircase.
  1732 | Ossuary  | Entered an ossuary
  1868 | Ossuary  | Gained mutation: You passively map the area around you. [Deep Dwarf growth]
  1868 | Ossuary  | Reached XP level 9. HP: 40/84 MP: 12/12
  1924 | Ossuary  | Reached skill level 5 in Evocations
  1958 | Ossuary  | Got a twisted great sword
  1959 | Ossuary  | Identified the cursed +1 great sword of Linearity {venom, Str+3 Int+5} (You found it in an ossuary)
  2101 | D:8      | Found Xurisi's Antique Weapon Shop.
  2110 | D:8      | Bought a glowing hand axe for 69 gold pieces
  2216 | D:7      | Reached skill level 10 in Axes
  2324 | D:9      | Found a blossoming altar of Fedhas.
  2367 | D:10     | Entered Level 10 of the Dungeon
  2367 | D:10     | Noticed a gargoyle
  2373 | D:10     | Killed a gargoyle
  2435 | D:9      | Found a staircase to the Orcish Mines.
  2440 | Orc:1    | Entered Level 1 of the Orcish Mines
  2440 | Orc:1    | Noticed Maurice
  2457 | Orc:1    | Killed Maurice
  2461 | Orc:1    | Reached XP level 10. HP: 68/94 MP: 6/15
  2485 | Orc:1    | Reached skill level 11 in Axes
  2515 | Orc:1    | Found Numiogigg's Assorted Antiques.
  2539 | Orc:1    | You fall through a shaft!
  2539 | Orc:2    | Noticed Sonja
  2554 | Orc:2    | Killed Sonja
  2669 | Orc:1    | Noticed Nergalle
  2682 | Orc:2    | Killed Nergalle
  2735 | Orc:1    | Bought a scroll of identify for 44 gold pieces
  2735 | Orc:1    | Bought a dented lapis lazuli amulet for 110 gold pieces
  2964 | Orc:3    | Noticed Rupert
  3069 | Orc:2    | Noticed an orc sorcerer
  3074 | Orc:2    | Killed an orc sorcerer
  3074 | Orc:2    | Reached skill level 12 in Axes
  3078 | Orc:2    | Received a gift from Trog
  3301 | Orc:4    | Entered Level 4 of the Orcish Mines
  3354 | Orc:4    | Noticed an anubis guard
  3354 | Orc:4    | a komodo dragon changed into an anubis guard
  3358 | Orc:4    | Killed an anubis guard
  3359 | Orc:4    | Reached XP level 11. HP: 72/105 MP: 11/17
  3373 | Orc:4    | Noticed a stone giant
  3376 | Orc:4    | Noticed Snorg
  3383 | Orc:4    | Killed Snorg
  3387 | Orc:4    | Killed a stone giant
  3751 | Orc:4    | Noticed an orc knight
  3768 | Orc:4    | Killed an orc knight
  3768 | Orc:4    | Reached skill level 13 in Axes
  3955 | Orc:4    | Found Enipoili's Assorted Antiques.
  3955 | Orc:4    | Found Kuopouku's Assorted Antiques.
  3957 | Orc:4    | Found Ekaoff's Assorted Antiques.
  3960 | Orc:4    | Found Midaimm's Armour Shop.
  3964 | Orc:4    | Bought the cursed +0 pair of boots "Udoekyri" {rPois rF+} for 315 gold pieces
  3966 | Orc:4    | Bought an emerald potion for 32 gold pieces
  3966 | Orc:4    | Bought a glowing white potion for 32 gold pieces
  3967 | Orc:4    | Bought a scroll labeled COBY IJUFO for 29 gold pieces
  3969 | Orc:4    | Bought a scroll labeled YKA JEAJAOJIM for 39 gold pieces
  3969 | Orc:4    | Bought a scroll labeled OJEOSE EFIDOI for 39 gold pieces
  3969 | Orc:4    | Bought a glowing white potion for 35 gold pieces
  3969 | Orc:4    | Bought a scroll labeled MIOSKETUAL for 39 gold pieces
  3969 | Orc:4    | Bought a scroll labeled COBY IJUFO for 39 gold pieces
  3969 | Orc:4    | Bought a scroll of identify for 78 gold pieces
  4005 | Orc:4    | Noticed an orc high priest
  4016 | Orc:4    | Killed an orc high priest
  4019 | Orc:4    | Reached skill level 10 in Armour
  4039 | Orc:4    | Noticed an orc knight
  4193 | Orc:3    | Reached skill level 14 in Axes
  4223 | Orc:3    | Killed Rupert
  4343 | Orc:4    | Found a staircase to the Elven Halls.
  4351 | Elf:1    | Entered Level 1 of the Elven Halls
  4370 | Elf:3    | Entered Level 3 of the Elven Halls
  4370 | Elf:3    | Noticed a deep elf summoner
  4370 | Elf:3    | Noticed a deep elf knight
  4370 | Elf:3    | Noticed a deep elf knight
  4374 | Elf:3    | Reached XP level 12. HP: 110/114 MP: 18/18
  4377 | Elf:3    | Killed a deep elf summoner
  4384 | Elf:3    | Killed a deep elf knight
  4402 | Elf:3    | Killed a deep elf knight
  4445 | Elf:3    | Noticed a deep elf knight
  4446 | Elf:3    | Killed from afar by a deep elf knight

Vault maps used:
D:1:      dpeg_arrival_signposts, serial_glass, glass_columns_a,
          glass_columns_a, glass_columns_a, glass_columns_a, minivault_23,
          xom_teletrap_fun
D:2:      first_bread, uniq_robin
D:3:      portal_sewer_entry_f, uniq_natasha
D:5:      zin_purify
D:6:      nicolae_overflow_hidden_temple, lemuel_round_altar, serial_shops,
          kennysheep_mini, uniq_grinder
D:7:      lemuel_doored_altar, grunt_livestock, uniq_crazy_yiuf_cottage,
          uniq_menkaure, uniq_pikel
D:8:      serial_shops, shop_statue, nicolae_ossuary_entry_monument
D:9:      overflow_temple_1_default, hiddenorc1_lemuel
D:10:     minmay_weird_star, evilmike_butchery
Orc:1:    serial_shops, nicolae_shop_overgrown_old_shop, uniq_nergalle,
          uniq_maurice
Orc:2:    rock_pile, uniq_sonja
Orc:3:    nicolae_orc_pool_cavern, lemuel_statue_altar, uniq_rupert
Orc:4:    st_orc_rangers, uniq_snorg
Elf:1:    minmay_elf_demonology, serial_sigils_hangedman_writhe,
          due_unseen_surprise
Elf:2:    serial_shops, shop, nooodl_food_tri
Elf:3:    grunt_elf_hall_branching, serial_shops, nicolae_shop_trees,
          grunt_ministairs_7, minivault_13, uniq_norris
Sewer:    sewer_minmay_treatment
Ossuary:  ossuary_tomb_2

Action                   |  1- 3 |  4- 6 |  7- 9 | 10-12 || total
-------------------------+-------+-------+-------+-------++-------
Melee: Hand axe          |    73 |       |    97 |   315 ||   485
       War axe           |    43 |    81 |   234 |       ||   358
       Battleaxe         |       |       |       |   141 ||   141
Invok: Berserk           |     2 |     4 |    11 |    15 ||    32
       Trog's Hand       |       |       |     6 |    36 ||    42
       Brothers in Arms  |       |       |       |     5 ||     5
Evoke: Wand              |     2 |       |     7 |     4 ||    13
  Use: Potion            |     1 |     3 |     1 |     1 ||     6
       Scroll            |       |     4 |     7 |    10 ||    21
 Stab: Sleeping          |     4 |       |       |       ||     4
  Eat: Chunk             |       |     6 |    17 |    30 ||    53
       Fruit             |       |       |     2 |       ||     2
       Meat ration       |       |       |     1 |       ||     1
